 Dungeon Crawl Stone Soup version 0.29.1-13-g9f3cf754e1 (webtiles) character file.

Game seed: 5350290746846240742

469 Hrothgar the Covered (level 6, 0/58 HPs)
             Began as a Minotaur Fighter on Jan 23, 2023.
             Was a Follower of Makhleb.
             Slain by an orc wizard
             ... wielding a +0 dagger
              (1 damage)
             ... on level 4 of the Dungeon.
             The game lasted 00:13:05 (4048 turns).

Hrothgar the Covered (Minotaur Fighter)             Turns: 4048, Time: 00:13:06

Health: 0/58       AC:  7    Str: 20    XL:     6   Next: 82%
Magic:  6/6        EV:  9    Int:  7    God:    Makhleb [*.....]
Gold:   210        SH:  4    Dex: 10    Spells: 6/6 levels left

rFire   . . .      SeeInvis .   a - +1 war axe
rCold   . . .      Faith    +   c - +0 buckler
rNeg    . . .      Spirit   .   b - +0 scale mail
rPois   +          Reflect  .   (helmet restricted)
rElec   .          Harm     .   (no cloak)
rCorr   .          Rampage  .   (no gloves)
Will    .....      Clarity  +   (no boots)
Stlth   ..........              x - amulet of faith
HPRegen 0.19/turn               s - ring of poison resistance
MPRegen 0.10/turn               v - +4 ring of slaying

@: brilliant
A: horns 2, retaliatory headbutt, beak, clarity, robust 1, subdued magic 1
a: Renounce Religion


You were on level 4 of the Dungeon.
You worshipped Makhleb.
Makhleb was aware of your devotion.
You visited 1 branch of the dungeon, and saw 4 of its levels.

You collected 210 gold pieces.

Inventory:

Hand Weapons
 a - a +1 war axe (weapon)
Missiles
 n - 3 javelins
 u - a datura-tipped dart (quivered)
Armour
 b - a +0 scale mail (worn)
 c - a +0 buckler (worn)
Jewellery
 l - a ring of flight
 s - a ring of poison resistance (left hand)
 v - a +4 ring of slaying (right hand)
 x - an amulet of faith (around neck)
 z - a +4 ring of evasion
Wands
 t - a wand of iceblast (10)
 w - a wand of digging (4)
Scrolls
 f - 2 scrolls of magic mapping
 y - a scroll of immolation
Potions
 d - 4 potions of might
 g - 5 potions of curing {unknown}
 h - 2 potions of lignification {unknown}
 i - 4 potions of mutation
 j - a potion of cancellation {unknown}
 k - 3 potions of attraction {unknown}
 m - 4 potions of flight {unknown}
 o - a potion of heal wounds {unknown}
 p - 3 potions of brilliance
 q - a potion of resistance {unknown}
 r - a potion of degeneration {unknown}


   Skills:
 * Level 4.4 Fighting
 * Level 4.8 Axes
 * Level 1.7 Throwing
 * Level 4.8 Armour
 * Level 1.8 Dodging
 * Level 1.8 Stealth
 * Level 4.4 Shields
 * Level 0.8 Spellcasting
 * Level 1.5 Invocations
 * Level 0.6 Evocations


You had 6 spell levels left.
You didn't know any spells.
Your spell library contained the following spells:

 Spells                   Type           Power      Damage    Failure   Level
 Dazzling Flash           Conj/Hex       0%         N/A       99%         3
 Agony                    Necr           0%         N/A       100%        5
 Silence                  Hex/Air        0%         N/A       100%        5


Dungeon Overview and Level Annotations

Branches:
Dungeon (4/15)
 Temple: D:4-7

Altars:
Fedhas
Makhleb
Sif Muna
Wu Jian
Yredelemnul

Shops:
D:4 :


Innate Abilities, Weirdness & Mutations

You have a pair of horns on your head.
You reflexively headbutt those who attack you in melee.
You have a beak for a mouth.
You possess an exceptional clarity of mind.
You are robust. (+10% HP)
Your spells are a little easier to cast, but a little less powerful.


Message History

Something hits you but does no damage.
You barely miss something. Your headbutt misses something. Something hits you.
* * * LOW HITPOINT WARNING * * *
You hear some strange, mumbled words.
You are more confused.
You hear some strange, mumbled words.
Something tries to affect you, but you resist.
An orc wizard appears from thin air!
Reactivating autopickup.
The orc wizard hits you but does no damage.
The orc wizard attacks as you move away!
The orc wizard hits you with a +0 dagger.
* * * LOW HITPOINT WARNING * * *
You closely miss the orc wizard. Your headbutt misses the orc wizard.
The orc wizard is severely wounded.
The orc wizard casts a spell.
The orc wizard flickers and vanishes!
Deactivating autopickup; reactivate with Ctrl-A.
You hear some strange, mumbled words.
Something tries to affect you, but you resist.
You hear some strange, mumbled words.
A puff of flame appears from out of thin air!
The puff of flame hits you!
* * * LOW HITPOINT WARNING * * *
You're too confused to move!
You hear some strange, mumbled words.
A puff of flame appears from out of thin air!
The puff of flame hits you.
* * * LOW HITPOINT WARNING * * *
Unknown command.
It was a potion of mutation.
You feel extremely strange.
You feel robust.
Your connection to magic feels subdued.
Your mouth lengthens and hardens into a beak!
Your thoughts seem clearer.
You hear some strange, mumbled words.
You feel momentarily confused.
It was a potion of brilliance.
You feel clever all of a sudden.
You feel less confused. Something hits you.
You die...

#..........# .#
#..........####.#
#.............#.# ##
######........#.# .##
#........#.# ..# #..†(....#.#
###
#.##############........#.#.)...
............>..'.{......))..)...
.#(.......##..##@......)#.#####.
.##.......##..##........#.#
.###.....(##..##........#.# .#
#...(..##..###########.# .#
#.#######..# .# ## #.. #..# .#
### #..# .#


There were no monsters in sight!

Vanquished Creatures
  3 scorpions
  An orc priest (D:4)
  2 iguanas (D:4)
  3 gnolls (D:3)
  4 adders
  3 dart slugs
  14 orcs
  7 endoplasms
  3 giant cockroaches
  11 goblins
  7 hobgoblins
  8 jackals (D:4)
  3 quokkas
  6 ball pythons
  6 bats
  3 kobolds
  7 rats
91 creatures vanquished.

Vanquished Creatures (collateral kills)
  Ijyb (D:4)
  An orc (D:4)
  2 goblins (D:4)
4 creatures vanquished.

Vanquished Creatures (others)
  An orc (D:4)
  A jackal (D:4)
2 creatures vanquished.

Grand Total: 97 creatures vanquished

Notes
Turn   | Place    | Note
-------+----------+-------------------------------------------
     0 | D:1      | Hrothgar the Minotaur Fighter began the quest for the Orb.
     0 | D:1      | Reached XP level 1. HP: 19/19 MP: 0/0
   259 | D:1      | Found a faded altar of an unknown god.
   270 | D:1      | Reached XP level 2. HP: 22/27 MP: 1/1
   273 | D:1      | Prayed at the altar of an unknown god.
   273 | D:1      | Became a worshipper of Sif Muna the Loreminder
   273 | D:1      | Reached * piety under Sif Muna
   846 | D:2      | Found a basalt altar of Yredelemnul.
   937 | D:2      | Reached XP level 3. HP: 33/33 MP: 2/2
  1244 | D:2      | Reached ** piety under Sif Muna
  1245 | D:2      | Reached skill level 1 in Dodging
  1249 | D:2      | Reached skill level 1 in Stealth
  1601 | D:3      | Reached XP level 4. HP: 27/40 MP: 3/3
  1781 | D:3      | Noticed a scorpion
  1786 | D:3      | Killed a scorpion
  1787 | D:3      | Reached skill level 1 in Throwing
  1787 | D:3      | Reached skill level 1 in Invocations
  1787 | D:3      | Reached XP level 5. HP: 24/46 MP: 4/4
  2140 | D:3      | Found a burning altar of Makhleb.
  2219 | D:3      | Fell from the grace of Sif Muna
  2219 | D:3      | Became a worshipper of Makhleb the Destroyer
  2611 | D:3      | Found an ornate altar of the Wu Jian Council.
  3107 | D:3      | Found a blossoming altar of Fedhas.
  3320 | D:4      | Found Awipreth's Self-Improvement Boutique.
  3389 | D:4      | Reached XP level 6. HP: 53/53 MP: 5/5
  3530 | D:4      | Reached * piety under Makhleb
  3662 | D:4      | Noticed Ijyb
  3681 | D:4      | Killed Ijyb
  4046 | D:4      | HP: 1/53 [something/puff of flame (2)]
  4047 | D:4      | Gained mutation: You are robust. (+10% HP) [potion of
                  | mutation]
  4047 | D:4      | Gained mutation: Your spells are a little easier to cast,
                  | but a little less powerful. [potion of mutation]
  4047 | D:4      | Gained mutation: You have a beak for a mouth. [potion of
                  | mutation]
  4047 | D:4      | Gained mutation: You possess an exceptional clarity of
                  | mind. [potion of mutation]
  4048 | D:4      | Slain by an orc wizard

Illustrated notes

Levels and vault maps discovered:
D:1:      dpeg_arrival_central, layout_loops_ring,
          shapermc_ecumenical_altar_notcrosses
D:2:      layout_loops_ring, basic_altar, nicolae_figureground_sparkle
D:3:      layout_loops_ring, lightli_temple_of_fire, nzn_wu_jian_contemplation,
          mainiacjoe_overflow_alcove_1, nrook_mini_backslash
D:4:      kennysheep_goblin_castle, layout_basic, nicolae_shop_self_help

Skill      XL: |  1  2  3  4  5 |
---------------+----------------+-----
Dodging        | 1 |  1.8
Axes           | 3 4 |  4.8
Stealth        | 1 |  1.8
Armour         | 4 |  4.8
Fighting       | 4 |  4.4
Shields        | 4 |  4.4
Throwing       | 1 |  1.7
Invocations    | 1 |  1.5
Spellcasting   | |  0.8
Evocations     | |  0.6

Action                   |  1- 3 |  4- 6 || total
-------------------------+-------+-------++-------
Melee: War axe           |    79 |   109 ||   188
       Headbutt          |     8 |    17 ||    25
Throw: Dart              |       |     5 ||     5
       Throwing net      |       |     2 ||     2
  Use: Scroll            |     4 |     3 ||     7
       Potion            |       |     2 ||     2
Armor: Scale mail        |    41 |    67 ||   108
Dodge: Dodged            |    36 |    83 ||   119
Block: Buckler           |    18 |    36 ||    54
